 Dungeon Crawl Stone Soup version 0.24.0-123-gd5b16e6ec5 (webtiles) character file.

Game seed: 2972503195917176418, levelgen mode: deterministic

1157 greprep the Covert (level 8, -7/39 HPs)
             Began as a Spriggan Assassin on Jan 3, 2020.
             Was a Believer of Dithmenos.
             Mangled by an orc warrior
             ... wielding a +0 hand axe
              (18 damage)
             ... on level 6 of the Dungeon.
             The game lasted 00:26:46 (7060 turns).

greprep the Covert (Spriggan Assassin)              Turns: 7060, Time: 00:26:46

Health: -7/39      AC:  3    Str:  7    XL:     8   Next: 16%
Magic:  9/9        EV: 20    Int: 13    God:    Dithmenos [**....]
Gold:   342        SH:  0    Dex: 19    Spells: 7/7 levels left

rFire    . . .     SeeInvis +   a - +2 dagger
rCold    . . .     Gourm    .   (shield restricted)
rNeg     . . .     Faith    .   b - +0 robe
rPois    .         Spirit   .   (helmet restricted)
rElec    .         Reflect  .   c - +0 cloak
rCorr    .         Harm     .   (gloves unavailable)
MR       +....                  (boots unavailable)
Stlth    +++++.....             (no amulet)
HPRegen  0.13/turn              (no ring)
MPRegen  0.11/turn              (no ring)

@: wreathed by umbra, drained, very quick
A: very small, unfitting armour, see invisible, herbivore, speed 3, slow
metabolism 2
a: Shadow Step, Renounce Religion


You were on level 6 of the Dungeon.
You worshipped Dithmenos.
Dithmenos was pleased with you.
You were near starving.

You visited 2 branches of the dungeon, and saw 8 of its levels.

You collected 342 gold pieces.

Inventory:

Hand Weapons
 a - a +2 dagger (weapon)
 d - a +2 quarterstaff of chaos
 s - a +0 dagger of venom
Armour
 b - a +0 robe (worn)
 c - a +0 cloak (worn)
 g - a +0 cloak
Jewellery
 e - an uncursed amulet of magic regeneration {unknown}
 p - an uncursed amulet of regeneration {unknown}
 t - an uncursed ring of resist corrosion {unknown}
 A - an uncursed ring of protection from cold {unknown}
 B - an uncursed ring of stealth {unknown}
 E - a cursed ring of attention {unknown}
Wands
 v - a wand of flame (7)
 F - a wand of iceblast (1)
 H - a wand of paralysis (7)
Scrolls
 h - 4 scrolls of random uselessness {unknown}
 i - 5 scrolls of enchant weapon {unknown}
 j - 8 scrolls of identify {unknown}
 k - 6 scrolls of teleportation {unknown}
 l - a scroll of fear {unknown}
 m - 3 scrolls of enchant armour {unknown}
 o - 4 scrolls of fog {unknown}
 q - 2 scrolls of magic mapping {unknown}
 u - 8 scrolls of remove curse {unknown}
 y - a scroll of amnesia {unknown}
 D - a scroll of silence {unknown}
 G - a scroll of immolation {unknown}
Potions
 w - a potion of magic {unknown}
 x - 2 potions of curing
 z - a potion of ambrosia {unknown}
Comestibles
 f - 12 rations


   Skills:
 + Level 2.6(1.7) Fighting
 + Level 4.9(4.0) Short Blades
 + Level 6.2(5.3) Throwing
 + Level 4.9(3.9) Dodging
 + Level 9.5(8.4) Stealth


You had 7 spell levels left.
You didn't know any spells.
Your spell library was empty.

Dungeon Overview and Level Annotations

Branches:
Dungeon (7/15)             Temple (1/1) D:5

Altars:
Ashenzari
Cheibriados
Dithmenos
Elyvilon
Fedhas
Gozag
Makhleb
Nemelex Xobeh
Okawaru
Qazlal
Ru
Sif Muna
Trog
Uskayaw
Vehumet
Wu Jian
Xom
Yredelemnul
Zin
The Shining One


Innate Abilities, Weirdness & Mutations

You are very small and have problems with some larger weapons.
You are too small for most types of armour.
You have supernaturally acute eyesight. (SInv)
You are a herbivore.
You cover ground extremely quickly.
You need to consume almost no food.


Message History

The orc warrior is lightly wounded.
You hit the orc warrior.
The orc warrior is moderately wounded.
The orc warrior closely misses you.
You closely miss the orc warrior.
The orc warrior is moderately wounded.
The orc warrior completely misses you.
You hit the orc warrior but do no damage.
The orc warrior is moderately wounded.
The orc warrior hits you with a +0 hand axe!
* * * LOW HITPOINT WARNING * * *
You hit the orc warrior.
The orc warrior is heavily wounded.
You hit the orc warrior but do no damage.
The orc warrior is heavily wounded.
The orc warrior closely misses you.
You hit the orc warrior but do no damage.
The orc warrior is heavily wounded.
The orc warrior hits you with a +0 hand axe!!
You die... ## .# #..# .# .... .## #..# ## ..# #..... ..## #oo#. ...# ooS

...## #o# ....#
#@# #.#.# #.#
#.#.# #.# #.#.##
.. #.# #.#..### #.
###$#
.....##....... #.#
####.# #.#.#.# #.#
# #.# ..(.. #.#
####.#####.#####.#


You could see an orc warrior, an adder and 4 orcs.

Vanquished Creatures
  Duvessa (D:5)
  An ice beast (D:5)
  A bullfrog (D:6)
  Dowan (D:5)
  A scorpion (D:5)
  A wight (D:6)
  A howler monkey (D:4)
  2 crimson imps (D:5)
  A bullfrog zombie (D:5)
  A quasit (D:5)
  Crazy Yiuf (D:2)
  An iguana (D:4)
  Natasha (thrice) (D:3)
  3 orc wizards (D:4)
  2 worker ants
  A hound skeleton (D:4)
  A worker ant zombie (D:6)
  A howler monkey skeleton (D:3)
  10 gnolls
  7 adders
  2 oozes
  An adder zombie (D:6)
  An adder skeleton (D:4)
  A worm (D:2)
  5 dart slugs
  2 leopard geckos
  8 orcs
  9 bats
  11 giant cockroaches
  6 goblins
  5 hobgoblins
  11 jackals
  10 kobolds
  A quokka (D:6)
  2 ball pythons
  9 frilled lizards
  2 quokka skeletons
  12 rats
139 creatures vanquished.

Notes
Turn   | Place    | Note
-------+----------+-------------------------------------------
     0 | D:1      | greprep the Spriggan Assassin began the quest for the Orb.
     0 | D:1      | Reached XP level 1. HP: 10/10 MP: 2/2
    80 | D:1      | Reached skill level 6 in Stealth
   115 | D:1      | Reached XP level 2. HP: 8/15 MP: 3/3
   686 | D:1      | Found a shimmering altar of Xom.
   723 | D:1      | Reached skill level 7 in Stealth
   876 | D:1      | Reached XP level 3. HP: 18/18 MP: 4/4
  1685 | D:2      | Reached XP level 4. HP: 23/23 MP: 5/5
  2156 | D:2      | Found a runed translucent door.
  2157 | D:2      | Noticed Crazy Yiuf
  2166 | D:2      | Killed Crazy Yiuf
  2298 | D:3      | Found a basalt altar of Yredelemnul.
  2553 | D:3      | Noticed Natasha
  2569 | D:3      | Killed Natasha
  2569 | D:3      | Reached XP level 5. HP: 19/26 MP: 6/6
  2774 | D:3      | Noticed Natasha
  2786 | D:3      | Killed Natasha
  2944 | D:3      | Found an opulent altar of Gozag.
  2944 | D:3      | Found a shadowy altar of Dithmenos.
  2949 | D:3      | Became a worshipper of Dithmenos the Shadowed
  2992 | D:3      | Noticed Natasha
  3020 | D:3      | Killed Natasha
  3535 | D:4      | Reached XP level 6. HP: 30/30 MP: 7/7
  4155 | D:4      | Reached skill level 5 in Throwing
  4413 | D:4      | Reached * piety under Dithmenos
  4453 | D:4      | Reached skill level 8 in Stealth
  4641 | D:4      | Reached XP level 7. HP: 30/35 MP: 8/8
  4963 | D:5      | Entered Level 5 of the Dungeon
  4979 | D:5      | Noticed Dowan
  4999 | D:5      | Killed Dowan
  5001 | D:5      | Noticed Duvessa
  5024 | D:5      | Killed Duvessa
  5219 | D:5      | Found a staircase to the Ecumenical Temple.
  5363 | D:5      | Reached skill level 9 in Stealth
  5604 | D:5      | Found a white marble altar of Elyvilon.
  6199 | Temple   | Entered the Ecumenical Temple
  6504 | D:6      | Reached XP level 8. HP: 39/39 MP: 9/9
  6549 | D:6      | Reached ** piety under Dithmenos
  7060 | D:6      | Mangled by an orc warrior

Levels and vault maps discovered:
D:1:      dpeg_arrival_concentric_ovals, layout_rooms, xom_teletrap_fun
D:2:      layout_basic, marbit_many_paths, uniq_crazy_yiuf_cottage
D:3:      layout_basic, old_standard_altar, gammafunk_temple_overflow_wave,
          first_ration, minmay_fractal_squares_gapless_5, uniq_natasha
D:4:      layout_layer_cave
D:5:      layout_basic, minmay_temple_entry_crystal_x, elyvilon_altar_5,
          uniq_duvessa
D:6:      minmay_spotlight, layout_basic
D:7:      kennysheep_slugbush, layout_rooms, basic_altar,
          minmay_hollow_rounded_squares
Temple:   eino_temple_scatter_basement

Skill      XL: |  1  2  3  4  5  6  7 |
---------------+----------------------+-----
Stealth        | 6 7 8 9 |  9.5
Dodging        | 2 3 4 |  4.9
Throwing       | 3 4 5 6 |  6.2
Fighting       | 2 |  2.6
Short Blades   | 3 4 |  4.9

Action                   |  1- 3 |  4- 6 |  7- 9 || total
-------------------------+-------+-------+-------++-------
Melee: Dagger            |    33 |   191 |   270 ||   494
Throw: Dart              |    63 |   128 |    47 ||   238
  Use: Potion            |     4 |     1 |     1 ||     6
 Stab: Sleeping          |     1 |     9 |     8 ||    18
       Invisible         |       |     4 |     4 ||     8
       Confused          |       |     1 |       ||     1
       Distracted        |       |       |     1 ||     1
  Eat: Ration            |       |       |     1 ||     1
Armor: Robe              |     8 |    25 |    11 ||    44
Dodge: Dodged            |    49 |   155 |   194 ||   398
